Map: Alcyone LE

Players

Subwayeatn - Winner!

  • Race: Zerg Zerg
  • League: Platinum
  • Spawn Location: 1:00

ZergBurger

  • Race: Terran Terran
  • League: Platinum
  • Spawn Location: 7:00

VOD

Have the link to the VOD?

Description

Time

  • Played on: Oct. 31, 2023, 6:42 p.m.
  • Length: 13:58
Show
View Real Time Build Order
Export as new Build Order

Subwayeatn Zerg - Winner!

Build Orders: Hatch First 

Get SALT Encoding   

  12  0:01  Drone  
  13  0:13  Overlord  
  13  0:16  Drone  
  14  0:31  Drone x2  
  16  0:49  Hatchery  
  15  0:53  Drone  
  15  0:56  Drone  
  17  0:59  Drone  
  17  1:03  Extractor  
  17  1:15  Spawning Pool  
  16  1:24  Drone x2  
  18  1:30  Overlord  
  18  1:53  Drone  
  18  1:54  Drone  
  20  2:02  Queen  
  20  2:03  Queen  
  24  2:10  Metabolic Boost  
  24  2:14  Zergling x2  
  25  2:17  Zergling x2  
  25  2:20  Zergling x2  
  28  2:22  Zergling x2  
  28  2:47  Lair  
  28  2:52  Drone  
  28  2:53  Drone x4  
  33  2:58  Overlord  
  33  3:14  Baneling Nest  
  32  3:32  Drone x8  
  40  3:45  Queen x2  
  44  3:50  Hydralisk Den  
  44  3:54  Extractor  
  42  3:56  Extractor  
  42  4:02  Drone x3  
  44  4:05  Overlord  
  44  4:08  Overlord  
  44  4:21  Pneumatized Carapace  
  44  4:35  Drone x10  
  44  4:36  Evolution Chamber  
  44  4:37  Evolution Chamber  
  51  4:53  Spine Crawler  
  50  5:01  Queen  
  50  5:03  Hatchery  
  50  5:04  Grooved Spines  
  50  5:06  Centrifugal Hooks  
  51  5:23  Hydralisk x4  
  51  5:27  Overlord  
  59  5:30  Extractor  
  59  5:31  Overlord  
  59  5:34  Overlord  
  58  5:44  Zergling x2  
  59  5:51  Drone  
  59  5:54  Infestation Pit  
  59  5:55  Overseer  
  59  5:57  Overseer  
  59  5:59  Overlord  
  59  6:10  Hydralisk  
  59  6:11  Hydralisk x5  
  72  6:32  Zergling x2  
  72  6:33  Queen  
  74  6:41  Hydralisk  
  74  6:42  Hydralisk x5  
  86  6:55  Drone x3  
  86  6:56  Drone x3  
  86  6:57  Drone  
  93  7:01  Overlord  
  93  7:05  Overseer  
  93  7:08  Overlord  
  93  7:15  Zerg Missile Weapons Level 1  
  93  7:16  Zerg Ground Armor Level 1  
  93  7:20  Drone x4  
  97  7:43  Zergling x2  
  98  7:45  Overlord  
  98  7:50  Overseer  
  98  7:54  Overlord  
  98  8:04  Drone x7, Spore Crawler  
  98  8:05  Drone x3  
  107  8:08  Zergling x2  
  107  8:09  Zergling x10  
  113  8:13  Extractor  
  113  8:18  Extractor  
  105  8:47  Hydralisk  
  105  8:48  Hydralisk x10  
  103  9:09  Muscular Augments  
  103  9:11  Drone x2  
  103  9:12  Drone x4  
  103  9:13  Drone x2  
  103  9:14  Drone x2  
  113  9:24  Overseer  
  113  9:30  Hatchery  
  112  9:36  Hive  
  112  9:39  Zerg Melee Weapons Level 1  
  112  9:40  Zerg Missile Weapons Level 2  
  112  9:53  Zergling x10  
  112  9:54  Zergling x10  
  112  9:58  Overlord x5  
  106  10:47  Overlord  
  106  10:48  Overlord x6  
  106  10:50  Queen  
  108  11:02  Viper x2  
  108  11:03  Viper  
  117  11:05  Extractor  
  117  11:06  Hatchery  
  115  11:12  Ultralisk Cavern  
  115  11:15  Spire  
  113  11:54  Overseer  
  113  11:58  Zergling x6  
  113  11:59  Zergling x16  
  113  12:00  Zergling x4  
  125  12:02  Adrenal Glands  
  125  12:03  Chitinous Plating  
  125  12:05  Ultralisk x5  
  125  12:06  Ultralisk  
  160  12:28  Queen  
  160  12:29  Ultralisk  
  174  12:30  Ultralisk  
  174  12:37  Overseer  
  174  12:42  Baneling  
  174  12:43  Baneling x8  
  174  12:45  Zergling x20  
  174  12:46  Zergling x12  
Show
View Real Time Build Order
Export as new Build Order

ZergBurger Terran 

Build Orders: Reaper Expand 

Get SALT Encoding   

  12  0:00  SCV  
  13  0:13  SCV  
  14  0:18  Supply Depot  
  14  0:25  SCV  
  15  0:39  SCV  
  15  0:40  Barracks  
  16  0:46  Refinery  
  16  0:52  SCV  
  17  1:04  SCV  
  18  1:23  SCV  
  19  1:30  Reaper  
  20  1:35  Orbital Command  
  20  1:47  Command Center  
  19  2:01  SCV  
  19  2:06  Marine  
  19  2:08  Supply Depot  
  21  2:15  Factory, SCV  
  22  2:33  Barracks Reactor  
  21  2:46  SCV  
  22  2:52  Command Center  
  22  3:15  SCV  
  22  3:17  Hellion x2  
  22  3:18  Barracks Tech Lab  
  26  3:27  SCV  
  26  3:33  Refinery  
  27  3:43  Hellion x2  
  27  3:45  Supply Depot  
  31  3:50  Starport  
  31  3:56  Marauder  
  31  4:01  Orbital Command  
  33  4:08  Orbital Command  
  33  4:16  Stimpack  
  33  4:28  Starport Tech Lab  
  33  4:29  SCV  
  34  4:35  Engineering Bay  
  34  4:42  SCV  
  34  4:45  Orbital Command  
  35  4:53  Banshee  
  38  5:02  Terran Infantry Weapons Level 1  
  38  5:04  Missile Turret  
  38  5:08  Marine  
  39  5:16  Widow Mine x2  
  43  5:22  SCV  
  43  5:26  Orbital Command, SCV  
  45  5:34  SCV  
  46  5:40  Refinery x2  
  46  5:44  Marine  
  46  5:47  Bunker x2  
  47  5:50  Bunker  
  47  5:53  SCV  
  47  5:54  SCV  
  49  6:06  Marine  
  49  6:10  Combat Shield  
  49  6:11  SCV  
  51  6:13  SCV  
  50  6:18  Barracks  
  50  6:22  SCV  
  50  6:25  Starport Reactor  
  45  6:29  Marine  
  45  6:30  SCV  
  47  6:34  SCV  
  47  6:39  SCV  
  49  6:40  Supply Depot  
  49  6:42  Barracks, SCV  
  50  6:47  Marine  
  50  6:48  SCV  
  53  6:54  SCV x2  
  54  7:02  SCV  
  54  7:04  Siege Tank  
  54  7:05  Terran Infantry Armor Level 1, Marine  
  54  7:06  SCV  
  60  7:15  SCV  
  62  7:19  Barracks Reactor  
  62  7:20  Orbital Command, SCV  
  63  7:27  SCV  
  63  7:29  Marine  
  64  7:30  Marine  
  64  7:31  Marine  
  64  7:32  SCV  
  64  7:36  Supply Depot  
  67  7:39  SCV  
  68  7:44  SCV  
  68  7:47  Supply Depot, Marine  
  68  7:48  Marine x2  
  68  7:49  Bunker  
  68  7:51  Bunker, Armory, SCV  
  72  7:54  Engineering Bay  
  72  7:56  Barracks, SCV  
  74  7:58  Barracks  
  74  8:00  SCV  
  74  8:02  Missile Turret  
  74  8:03  SCV  
  76  8:08  Missile Turret  
  76  8:10  Marine x2  
  76  8:11  Marine x2  
  80  8:15  Marine  
  80  8:17  Medivac  
  80  8:18  SCV  
  74  8:34  SCV, Marine  
  68  8:39  SCV  
  65  8:42  Siege Tank  
  65  8:43  Medivac  
  65  8:46  SCV, Marine  
  65  8:47  Medivac  
  54  9:04  Marine  
  54  9:09  SCV  
  55  9:12  Marine x2  
  57  9:21  Orbital Command  
  57  9:23  SCV x2  
  59  9:26  Marine  
  60  9:35  Siege Tank, Marine, SCV x2  
  66  9:40  Marine x2  
  66  9:42  Concussive Shells  
  66  9:45  Terran Infantry Weapons Level 2  
  68  9:47  SCV x2  
  68  9:48  Bunker  
  68  9:49  Bunker, Barracks Reactor x2  
  68  9:50  SCV  
  71  9:57  Supply Depot  
  71  9:59  Marine x3, SCV  
  74  10:02  Marine  
  74  10:03  Supply Depot  
  74  10:04  Marine  
  74  10:05  SCV  
  70  10:17  Marine  
  67  10:24  Marine  
  67  10:25  Marine x2  
  67  10:26  Marine x5  
  67  10:33  Orbital Command  
  67  10:35  Marine  
  61  10:38  SCV  
  61  10:42  Marine  
  59  10:43  Marine x3  
  59  10:44  Marine x3  
  59  10:49  Marine  
  66  10:51  SCV  
  66  10:53  Marine  
  66  10:55  SCV  
  69  10:59  Marine  
  69  11:00  SCV  
  69  11:01  Marine x4  
  69  11:02  Marine x2  
  69  11:03  SCV  
  78  11:07  SCV, Marine  
  78  11:10  Marine  
  81  11:13  SCV  
  81  11:15  SCV  
  81  11:17  Marine  
  84  11:22  Marine  
  85  11:32  Supply Depot  
  85  11:35  Supply Depot  
  85  11:42  Terran Vehicle Weapons Level 1  
  85  11:53  Siege Tank, Marine x3, SCV x2  
  85  11:54  SCV  
  93  11:55  Marine  
  93  11:57  Liberator x2  
  93  11:58  Marine x2  
  101  12:06  Bunker  
  101  12:37  Supply Depot  
  101  12:40  Supply Depot  
  101  12:44  Supply Depot  
  101  12:49  Supply Depot  
  101  12:58  Viking, Medivac, Marine x2  
  101  12:59  SCV x2  
  101  13:00  SCV  
  101  13:01  Siege Tank, Marine x4  
  115  13:09  Ghost Academy  
  115  13:11  SCV x2  
  115  13:12  SCV, Ghost Academy  
  118  13:13  Ghost Academy  
  118  13:17  Ghost Academy  
  118  13:19  Command Center  
  118  13:23  SCV x2  
  102  13:38  SCV  
Tags
 
Add a new tag
Caveats
  • Supply blocks, unpowered buildings, or Contaminate may cause inaccurate times.
  • Supply counts are checked every 10 seconds.